 Dungeon Sprint DCSS version 0.23-a0-183-gf37f6fb (webtiles) character file.

268100000 namelastname112 the Formicid Barricade (level 27, 249/249 HPs)
             Began as a Formicid Fighter on Sept 23, 2018.
             Was the Champion of Makhleb.
             Starved to death
             ... in the Dungeon (Sprint VIII: "Arena of Blood").
             The game lasted 00:08:08 (2681 turns).

namelastname112 the Formicid Barricade (FoFi)       Turns: 2681, Time: 00:08:08

Health: 249/249    AC: 13    Str: 25    XL:     27
Magic:  54/54      EV: 32    Int:  8    God:    Makhleb [******]
Gold:   0          SH: 20    Dex: 19    Spells: 80/80 levels left

rFire    . . .     SeeInvis +   k - +∞ Axe of Woe
rCold    . . .     Gourm    .   b - +0 shield
rNeg     . . .     Faith    .   a - +0 scale mail
rPois    .         Spirit   .   (helmet unavailable)
rElec    .         Reflect  .   (no cloak)
rCorr    .         Harm     .   (no gloves)
MR       ++...                  (no boots)
Stlth    ++++++++..             (no amulet)
HPRegen  0.51/turn              (no ring)
MPRegen  0.34/turn              (no ring)

@: fainting
A: permanent stasis, dig shafts and tunnels, four strong arms, antennae 3
a: Dig, Minor Destruction, Lesser Servant of Makhleb, Major Destruction, Greater
Servant of Makhleb, Renounce Religion


You were in the Dungeon.
You worshipped Makhleb.
Makhleb was exalted by your worship.
You were fainting.

You visited 1 branch

Inventory:

Hand Weapons
 k - the +∞ Axe of Woe (weapon)
   (You found it in the Dungeon)
Armour
 a - a +0 scale mail (worn)
 b - a +0 shield (worn)
Scrolls
 j - a scroll of blinking
Potions
 c - a potion of might
 e - a potion of curing
 f - a potion of heal wounds
 g - a potion of haste
 h - 2 potions of magic
 i - a potion of berserk rage


   Skills:
 O Level 27 Fighting
 O Level 27 Axes
 O Level 27 Throwing
 O Level 27 Armour
 O Level 27 Dodging
 O Level 27 Stealth
 O Level 27 Shields
 O Level 27 Unarmed Combat
 O Level 27 Spellcasting
 O Level 27 Invocations


You had 80 spell levels left.
You didn't know any spells.
Your spell library was empty.

Dungeon Overview and Level Annotations

Branches:
Dungeon (1/1)

Altars:
Makhleb


Innate Abilities, Weirdness & Mutations

You cannot be hasted, slowed, berserked, paralysed or teleported.
You can dig through walls and to a lower floor.
Your four strong arms can wield two-handed weapons with a shield.
You have a pair of large antennae on your head. (SInv)


Message History

You hear a shout! x13
You hear a shout! x6
You hear a shout! x12
You hear a shout! x5
You hear a shout! x13
You hear a shout! x9
You hear a shout! x6
You hear a shout! x14
You hear a shout! x9
You hear a shout! x12
You hear a shout! x9
You hear a shout! x13
You hear a shout! x6
You hear a shout! x9
You hear a shout! x11
You hear a shout! x9
You hear a shout! x9
You hear a shout! x9
You have starved to death.
You die...

##.###.##
##.#.#.##
##.###.#
####.#▓
##.##
#.## ##.#
####.##
#@#)##
##.## ###


There were no monsters in sight!

Vanquished Creatures
  A hell knight (D)
  A hell beast (D)
  2 greater mummies (D)
  2 great orbs of eyes (D)
  Harold (D)
  12 vampire knights (D)
  15 ogres (D)
  3 two-headed ogres (D)
  A lich (D)
  2 hydras (D)
  36 orcs (D)
  A skeletal warrior (D)
  4 crawling corpses (D)
81 creatures vanquished.

Vanquished Creatures (others)
  3 crawling corpses (D)
3 creatures vanquished.

Grand Total: 84 creatures vanquished

Notes
Turn   | Place    | Note
-------+----------+-------------------------------------------
     0 | D        | Found the +∞ Axe of Woe
     0 | D        | namelastname112 the Formicid Fighter began the quest for
                  | the Orb.
     0 | D        | Reached XP level 1. HP: 18/18 MP: 1/1
     3 | D        | Noticed a bag of meat
     4 | D        | Became a worshipper of Makhleb the Destroyer
     5 | D        | Noticed a bag of meat
     6 | D        | Noticed a meat berserker
     7 | D        | Noticed a bag of meat
     8 | D        | Killed a meat berserker
     8 | D        | Reached XP level 2. HP: 31/50 MP: 2/2
     8 | D        | Reached XP level 3. HP: 36/57 MP: 3/3
     8 | D        | Reached XP level 4. HP: 40/64 MP: 4/4
     8 | D        | Reached XP level 5. HP: 44/71 MP: 5/5
     8 | D        | Reached XP level 6. HP: 49/78 MP: 6/6
     8 | D        | Reached XP level 7. HP: 53/84 MP: 7/7
     8 | D        | Reached XP level 8. HP: 58/92 MP: 8/8
     8 | D        | Reached XP level 9. HP: 61/98 MP: 9/9
     8 | D        | Reached XP level 10. HP: 66/106 MP: 10/10
     8 | D        | Reached XP level 11. HP: 70/112 MP: 11/11
     8 | D        | Reached XP level 12. HP: 75/119 MP: 12/12
     8 | D        | Reached XP level 13. HP: 79/126 MP: 13/13
     8 | D        | Killed a bag of meat
     8 | D        | Reached * piety under Makhleb
     8 | D        | Reached skill level 10 in Unarmed Combat
     8 | D        | Reached XP level 14. HP: 87/138 MP: 14/14
     8 | D        | Noticed a meat berserker
     8 | D        | Noticed a bag of meat
     8 | D        | Noticed a bag of meat
     8 | D        | Noticed a meat berserker
     8 | D        | Noticed a bag of meat
     9 | D        | Killed a bag of meat
     9 | D        | Reached XP level 15. HP: 93/147 MP: 15/15
    10 | D        | Noticed a meat berserker
    10 | D        | Noticed a meat berserker
    12 | D        | Noticed a meat berserker
    12 | D        | Killed a meat berserker
    12 | D        | Reached ** piety under Makhleb
    12 | D        | Reached XP level 16. HP: 162/162 MP: 16/16
    12 | D        | Killed a meat berserker
    12 | D        | Reached skill level 27 in Fighting
    12 | D        | Reached skill level 27 in Armour
    12 | D        | Reached skill level 27 in Shields
    12 | D        | Reached XP level 17. HP: 174/174 MP: 17/17
    13 | D        | Killed a meat berserker
    13 | D        | Reached XP level 18. HP: 182/182 MP: 18/18
    13 | D        | Killed a meat berserker
    13 | D        | Reached *** piety under Makhleb
    15 | D        | Noticed a meat berserker
    15 | D        | Reached XP level 19. HP: 189/189 MP: 19/19
    15 | D        | Reached skill level 27 in Axes
    15 | D        | Killed a meat berserker
    15 | D        | Reached **** piety under Makhleb
    15 | D        | Reached skill level 27 in Unarmed Combat
    16 | D        | Reached XP level 20. HP: 197/197 MP: 19/33
    16 | D        | Reached skill level 10 in Dodging
    17 | D        | Noticed a meat berserker
    17 | D        | Noticed a meat berserker
    18 | D        | Reached ***** piety under Makhleb
    18 | D        | Reached skill level 15 in Invocations
    18 | D        | Reached skill level 15 in Throwing
    18 | D        | Reached skill level 15 in Spellcasting
    18 | D        | Reached XP level 21. HP: 204/204 MP: 19/40
    19 | D        | Killed a meat berserker
    19 | D        | Noticed a meat berserker
    19 | D        | Noticed a large bag of meat
    20 | D        | Noticed a large bag of meat
    21 | D        | Killed a meat berserker
    21 | D        | Reached XP level 22. HP: 212/212 MP: 20/46
    21 | D        | Killed a meat berserker
    21 | D        | Reached ****** piety under Makhleb
    21 | D        | Reached skill level 27 in Stealth
    22 | D        | Reached skill level 27 in Invocations
    22 | D        | Reached XP level 23. HP: 219/219 MP: 20/50
    22 | D        | Noticed a destroyer
    23 | D        | Killed a large bag of meat
    24 | D        | Reached skill level 27 in Throwing
    24 | D        | Reached skill level 27 in Dodging
    24 | D        | Reached skill level 27 in Spellcasting
    24 | D        | Reached XP level 24. HP: 227/227 MP: 20/54
    24 | D        | Noticed a destroyer
    25 | D        | Noticed a destroyer
    26 | D        | Noticed a destroyer
    27 | D        | Noticed a large bag of meat
    27 | D        | Noticed The Servant
    28 | D        | Killed a destroyer
    28 | D        | Reached XP level 25. HP: 234/234 MP: 21/54
    28 | D        | Killed a destroyer
    30 | D        | Killed a destroyer
    30 | D        | Reached XP level 26. HP: 95/242 MP: 22/54
    32 | D        | Killed a large bag of meat
    32 | D        | Noticed a destroyer
    32 | D        | Noticed a destroyer
    34 | D        | Reached XP level 27. HP: 249/249 MP: 23/54
    35 | D        | Killed a destroyer
    36 | D        | Noticed a destroyer
    37 | D        | Killed a destroyer
    38 | D        | Noticed a destroyer
    40 | D        | Noticed a destroyer
    42 | D        | Killed The Servant
    42 | D        | Killed a destroyer
    42 | D        | Noticed a destroyer
    43 | D        | Killed a destroyer
    45 | D        | Killed a destroyer
    45 | D        | Killed a large bag of meat
    45 | D        | Noticed a destroyer
    47 | D        | Killed a destroyer
    49 | D        | Noticed a destroyer
    53 | D        | Killed a destroyer
    54 | D        | Killed a destroyer
    54 | D        | Killed a destroyer
    54 | D        | Noticed a tyrant
    55 | D        | Noticed an accursed
    55 | D        | Noticed an accursed
    58 | D        | Noticed an accursed
    58 | D        | Noticed a tyrant
    59 | D        | Killed an accursed
    62 | D        | Noticed a dread
    65 | D        | Killed an accursed
    66 | D        | Noticed a meat beast
    66 | D        | Noticed a meat beast
    70 | D        | Killed a meat beast
    76 | D        | Killed a tyrant
   151 | D        | Noticed a fleshlord
   152 | D        | Killed a fleshlord
  2681 | D        | Starved to death

Vault maps used:
D:        meatsprint

Skill      XL: |  1  2  3  4  5  6  7  8  9 10 11 12 13 14 15 16 17 18 19 20 21 22 23 |
---------------+----------------------------------------------------------------------+-----
Fighting       | 19 21 22 25 27 | 27.0
Axes           | 4 6 7 11 14 20 26 27 | 27.0
Armour         | 19 21 22 25 27 | 27.0
Shields        | 21 22 23 26 27 | 27.0
Unarmed Combat | 9 10 11 13 14 18 22 27 | 27.0
Throwing       | 9 15 20 23 27 | 27.0
Dodging        | 8 14 19 22 27 | 27.0
Stealth        | 11 19 25 27 | 27.0
Spellcasting   | 9 15 20 23 27 | 27.0
Invocations    | 11 17 23 27 | 27.0

Action                   |  1- 3 |  4- 6 |  7- 9 | 10-12 | 13-15 | 16-18 | 19-21 | 22-24 | 25-27 || total
-------------------------+-------+-------+-------+-------+-------+-------+-------+-------+-------++-------
Melee: Executioner's axe |     1 |       |       |       |     2 |     2 |     4 |     5 |    25 ||    39
 Abil: Dig               |       |       |       |       |       |       |       |       |     4 ||     4
  Eat: Ration            |       |       |       |       |       |       |       |       |     1 ||     1
Armor: Scale mail        |       |       |       |       |     1 |       |       |       |     5 ||     6
Dodge: Dodged            |       |       |       |       |       |       |     1 |     1 |     7 ||     9
Block: Shield            |       |       |       |       |     1 |     1 |     2 |       |     5 ||     9

Table legend:
 A = Non-vault XP
 B = Vault XP
 C = Vault XP percentage of total XP
 D = Non-vault monster count
 E = Vault monster count
 F = Vault count percentage of total count
                 A         B        C        D         E       F
            +---------+---------+-------+---------+---------+-------
      Total | 1471202 |  836892 |  36.3 |      35 |      41 |  53.9
            +---------+---------+-------+---------+---------+-------
          D | 1471202 |  836892 |  36.3 |      35 |      41 |  53.9
            +---------+---------+-------+---------+---------+-------
